 Dungeon Crawl Stone Soup version 0.20-a0-303-g575bbf7 (webtiles) character file.

77 Junicave the Digger (level 4, -1/24 HPs)
             Began as a Gargoyle Earth Elementalist on Dec 17, 2016.
             Killed from afar by Sigmund (4 damage)
             ... with a magic dart
             ... on level 3 of the Dungeon.
             The game lasted 00:06:51 (3175 turns).

Junicave the Digger (Gargoyle Earth Elementalist)   Turns: 3175, Time: 00:06:51

Health: -1/24      AC:  6    Str: 12    XL:     4   Next: 33%
Magic:  8/8        EV: 12    Int: 16    God:
Gold:   138        SH:  0    Dex: 10    Spells: 4/8 levels left

rFire  . . .     SeeInvis .     w - +0 mace
rCold  . . .     Gourm    .     r - +0 leather armour
rNeg   + . .     Faith    .     (no shield)
rPois  ∞         Spirit   .     (no helmet)
rElec  +         Reflect  .     (no cloak)
rCorr  .         Harm     .     (no gloves)
MR     .....                    (no boots)
Stlth  +.........               (no amulet)
                                (no ring)
                                (no ring)

@: confused
A: negative energy resistance 1, electricity resistance, unbreathing,
petrification resistance, rot immunity, AC +3
a: no special abilities


You were on level 3 of the Dungeon.
You were not hungry.

You visited 1 branch of the dungeon, and saw 3 of its levels.

You collected 138 gold pieces.

Inventory:

Hand Weapons
 w - a +0 mace (weapon)
Missiles
 b - 73 stones (quivered)
Armour
 c - a +0 robe
 r - a +0 leather armour (worn)
Scrolls
 a - a scroll of noise {unknown}
 g - 2 scrolls of immolation {unknown}
 k - 2 scrolls of magic mapping {unknown}
 m - 2 scrolls of recharging {unknown}
 o - 5 scrolls of identify {unknown}
 q - a scroll of remove curse {unknown}
 u - a scroll of amnesia {unknown}
 v - a scroll of fear {unknown}
 x - a scroll of fog {unknown}
 y - a scroll of teleportation {unknown}
Potions
 f - a potion of cancellation {unknown}
 l - 2 potions of cure mutation {unknown}
 n - a potion of degeneration {unknown}
 p - 2 potions of heal wounds {unknown}
 s - a potion of curing {unknown}
 t - a potion of mutation {unknown}
 z - 3 potions of brilliance {unknown}
Books
 e - a book of Geomancy

   Spells                             Type                      Level
   a - Sandblast                      Earth                        1
   b - Passwall                       Transmutation/Earth          2
   c - Stone Arrow                    Conjuration/Earth            3
   d - Petrify                        Transmutation/Earth          4
   e - Lee's Rapid Deconstruction     Earth                        5
Comestibles
 d - a bread ration
 h - 9 chunks of flesh
 i - a beef jerky
 j - a slice of pizza


   Skills:
 + Level 1.2 Maces & Flails
 + Level 1.2 Armour
 + Level 2.1 Dodging
 - Level 2.1 Stealth
 + Level 2.8 Spellcasting
 + Level 0.0 Conjurations
   Level 0.7 Transmutations
 + Level 4.2 Earth Magic


You had 4 spell levels left.
You knew the following spells:

 Your Spells              Type           Power        Failure   Level  Hunger
a - Sandblast             Erth           ###...       6%          1    #......
b - Stone Arrow           Conj/Erth      #.....       34%         3    ###....


Dungeon Overview and Level Annotations

Branches:
Dungeon (3/15)

Altars:

Annotations:
D:3 Sigmund


Innate Abilities, Weirdness & Mutations

You are resistant to torment.
Your stone body is resilient. (AC +3)
You are immune to poison.
You resist negative energy. (rN+)
You are resistant to electric shocks. (rElec)
You can survive without breathing.
You are immune to petrification.
You are immune to rotting.


Message History

Something hits you.
You hit the hobgoblin.
You kill the hobgoblin!
Something barely misses you.
Casting: Sandblast
Confirm with . or Enter, or press ? or * to list all spells.
Okay, then.
Something hits you!
Ouch! That really hurt!
* * * LOW HITPOINT WARNING * * *
Things that are here:
a club x2
You hear some strange, mumbled words.
You are confused.
Sigmund appears from thin air!
Reactivating autopickup.
You bump into the rock wall.
Sigmund gestures at you while chanting. The magic dart hits you!
You die...

# #)# ##.##.##########
#.....)........
#.###..#####.## ... ..
#........# #.....
#..#####.# #.. ? #..#
#.# #... #..#
#.########.# #.# #.@#
#........ .. ##.###..#
#.####### # #.......#
#.# #
#..####@#####.##### #
#..##...o...o.....# #
#..##.#######r###.####
# #..##.# #.###....# #
##..##.# #<..o....# #
#......# #)###....# #


You could see Sigmund and an orc.

Vanquished Creatures
  An adder (D:2)
  An ooze (D:1)
  4 dart slugs
  A leopard gecko (D:1)
  A ball python (D:1)
  4 bats
  A giant cockroach (D:2)
  13 goblins
  8 hobgoblins
  3 jackals (D:2)
  3 quokkas
  3 frilled lizards
  4 kobolds (D:1)
  2 rats (D:2)
49 creatures vanquished.

Notes
Turn   | Place    | Note
-------+----------+-------------------------------------------
     0 | D:1      | Junicave the Gargoyle Earth Elementalist began the quest for the Orb.
     0 | D:1      | Reached XP level 1. HP: 10/10 MP: 3/3
   216 | D:1      | Reached XP level 2. HP: 12/15 MP: 5/5
   704 | D:1      | Reached skill level 4 in Earth Magic
   804 | D:1      | Reached XP level 3. HP: 17/19 MP: 7/7
  2370 | D:2      | Reached skill level 1 in Armour
  2370 | D:2      | Reached XP level 4. HP: 20/24 MP: 0/8
  3022 | D:3      | Reached skill level 1 in Maces & Flails
  3119 | D:3      | Noticed Sigmund
  3159 | D:2      | Learned a level 3 spell: Stone Arrow
  3175 | D:3      | Killed from afar by Sigmund

Vault maps used:
D:1:      wheals_arrival_shading
D:3:      uniq_robin, uniq_sigmund

Skill      XL: |  1  2  3  4 |
---------------+-------------+-----
Earth Magic    | 4 |  4.2
Dodging        | 2 |  2.1
Armour         | 1 |  1.2
Maces & Flails | 1 |  1.2
Stealth        | |  2.1
Spellcasting   | |  2.8
Transmutations | |  0.7

Action                   |  1- 3 |  4- 6 || total
-------------------------+-------+-------++-------
Melee: Club              |   109 |       ||   109
       Unarmed           |     5 |       ||     5
       Mace              |    42 |    41 ||    83
 Cast: Sandblast         |    26 |     6 ||    32
 Stab: Sleeping          |     1 |       ||     1
  Eat: Chunk             |     5 |     3 ||     8
Armor: Robe              |    14 |       ||    14
       Leather armour    |    71 |    25 ||    96
Dodge: Dodged            |   138 |    31 ||   169
